 Dungeon Crawl Stone Soup version 0.17-a0-1951-g62301d3 (webtiles) character file.

427 FurryRage the Skirmisher (level 6, -15/49 HPs)
             Began as a Demonspawn Abyssal Knight on Oct 2, 2015.
             Was a Believer of Lugonu.
             Demolished by an orc warrior
             ... wielding a +0 war axe
              (19 damage)
             ... on level 4 of the Dungeon.
             The game lasted 00:12:19 (1926 turns).

FurryRage the Skirmisher (DsAK)                     Turns: 1926, Time: 00:12:19

Health: -15/49     AC:  9    Str: 14    XL:     6   Next: 65%
Magic:  0/9        EV:  9    Int: 13    God:    Lugonu [**....]
Gold:   46         SH:  0    Dex: 13    Spells: 0 memorised, 5 levels left

rFire  . . .     SeeInvis .     d - +3 short sword
rCold  . . .     Clarity  .     j - +1 scale mail {rPois}
rNeg   . . .     SustAt   +     (no shield)
rPois  +         Gourm    .     n - +0 helmet
rElec  .         Spirit   +     (no cloak)
rCorr  .         Warding  .     (no gloves)
rMut   .         Stasis   .     (no boots)
MR     .....                    (no amulet)
Stlth  ..........               (no ring)
                                q - ring of sustain attributes

@: not resistant to hostile enchantments, extremely unstealthy
A: hooves 1, demonic guardian 1, magic shield
a: Depart the Abyss, Bend Space, Renounce Religion


You were on level 4 of the Dungeon.
You worshipped Lugonu.
Lugonu was pleased with you.
You were hungry.

You visited 1 branch of the dungeon, and saw 3 of its levels.
You visited the Abyss 1 time.

You collected 46 gold pieces.

Inventory:

Hand weapons
 a - a +1 falchion
 d - a +3 short sword (weapon)
Armour
 g - a +0 plate armour
 j - a +1 scale mail of poison resistance (worn)
 n - a +0 helmet (worn)
Jewellery
 q - a ring of sustain attributes (left hand)
 t - an uncursed ring of sustain attributes
Magical devices
 r - a wand of draining (5)
Scrolls
 e - 3 scrolls of remove curse
 f - 5 scrolls of identify
 m - 2 scrolls of teleportation
 o - a scroll of random uselessness
 s - a scroll of enchant weapon {unknown}
Potions
 b - a potion of lignification
Comestibles
 c - 4 bread rations
 h - 2 beef jerkies
 i - 6 meat rations
 k - 5 fruits
 l - 7 chunks of flesh
 p - a royal jelly


   Skills:
 + Level 4.7 Fighting
 + Level 2.7(3.2) Short Blades
 + Level 2.3(3.0) Long Blades
 + Level 3.2 Armour
 + Level 1.6 Dodging
 + Level 4.1 Invocations
 + Level 0.4 Evocations


You had 5 spell levels left.
You didn't know any spells.

Dungeon Overview and Level Annotations

Branches:
Dungeon (4/15)
 Temple: D:4-7

Altars:

Annotations:
D:4 Eustachio


Innate Abilities, Weirdness & Mutations

You have large cloven feet.
A weak demonic guardian rushes to your aid.
When hurt, damage is shared between your health and your magic reserves.


Message History

You barely miss the orc warrior.
The orc warrior is lightly wounded.
The orc wizard gestures at you while chanting.
The magic dart hits your quasit.
The orc wizard hits your quasit with a dagger.
Your quasit closely misses the orc wizard.
Your quasit barely misses the orc wizard.
Your quasit claws the orc wizard but does no damage.
The orc warrior hits you with a war axe.
* * * LOW HITPOINT WARNING * * *
The orc warrior hits your quasit with a war axe!
Your quasit dies!
Your iron imp closely misses something.
Your iron imp hits something.
The orc warrior hits you with a war axe!
* * * LOW HITPOINT WARNING * * *
You barely miss the orc warrior. Your kick misses the orc warrior.
The orc warrior is lightly wounded.
The orc warrior hits you with a war axe!!
You die...

#..######### #. ##...##
#######.
.###.....####.......
...r....o.........##
..###.)#.#....####
..#.#####.#.......####
o....5J.§§.#..#......#
##.######).#.#####†...
#.@o.5.........#.##
........####.....###...##
.....?### #.#....###....
.....# ..>....# ##...
##### !..#....# ####
.####..## . ### ##


You could see an orc warrior and a friendly iron imp.

Vanquished Creatures
  An ogre (D:4)
  A scorpion (D:4)
  2 worker ants (D:4)
  An orc wizard (D:4)
  An iguana (D:4)
  6 adders
  2 oozes
  6 worms
  A giant gecko (D:1)
  7 orcs (D:4)
  2 bats (D:1)
  A giant cockroach (D:4)
  A goblin (D:1)
  4 hobgoblins
  2 giant newts (D:1)
  3 kobolds (D:2)
  6 rats
47 creatures vanquished.

Vanquished Creatures (collateral kills)
  An ogre (D:4)
  A hound (D:4)
  A worker ant (D:4)
  An adder (D:4)
  2 orcs (D:4)
  A quokka (D:4)
7 creatures vanquished.

Vanquished Creatures (others)
  An orc wizard (D:4)
  A bat (D:1)
2 creatures vanquished.

Grand Total: 56 creatures vanquished

Notes
Turn   | Place    | Note
--------------------------------------------------------------
     0 | Abyss:1  | FurryRage the Demonspawn Abyssal Knight began the quest for the Orb.
     0 | Abyss:1  | Reached XP level 1. HP: 18/18 MP: 2/2
     0 | D:1      | Escaped the Abyss
   250 | D:1      | Acquired Lugonu's first power
   317 | D:1      | Gained mutation: When hurt, damage is shared between your health and your magic reserves. [demonic ancestry]
   317 | D:1      | Reached XP level 2. HP: 17/24 MP: 3/3
   883 | D:2      | Gained mutation: A weak demonic guardian rushes to your aid. [demonic ancestry]
   883 | D:2      | Reached XP level 3. HP: 15/29 MP: 5/5
  1224 | D:2      | Gained mutation: You have large cloven feet. [demonic ancestry]
  1224 | D:2      | Reached XP level 4. HP: 28/37 MP: 6/6
  1266 | D:2      | You fall through a shaft for 2 floors!
  1266 | D:4      | Noticed an ogre
  1273 | D:4      | Reached skill level 1 in Short Blades
  1275 | D:4      | Killed an ogre
  1312 | D:4      | Reached skill level 4 in Fighting
  1312 | D:4      | Reached XP level 5. HP: 13/42 MP: 3/8
  1343 | D:4      | HP: 2/42 [poisoned by a worker ant]
  1555 | D:4      | Reached skill level 1 in Dodging
  1561 | D:4      | Acquired Lugonu's second power
  1725 | D:4      | Noticed an ogre
  1739 | D:4      | Killed an ogre
  1739 | D:4      | Reached XP level 6. HP: 18/49 MP: 6/9
  1888 | D:4      | Noticed Eustachio
  1892 | D:4      | Noticed an orc warrior
  1926 | D:4      | Demolished by an orc warrior

Vault maps used:
D:1:      tarquinn_simple_flora_water_c, lemuel_another_geyser
D:2:      amethyst_overflow_temple_binary, first_bread
D:4:      uniq_eustachio

Action                   |  1- 3 |  4- 6 || total
-------------------------+-------+-------++-------
Melee: Short sword       |    99 |   126 ||   225
Invok: Depart the Abyss  |     1 |       ||     1
Evoke: Wand              |       |     1 ||     1
  Use: Scroll            |     2 |     3 ||     5
       Potion            |     1 |       ||     1
  Eat: Chunk             |     1 |     2 ||     3
